 Dungeon Crawl Stone Soup version 0.30-a0-360-g447f08457e (webtiles) character file.

Game seed: 10684668460399781786

96 night the Sneak (level 4, -2/23 HPs)
             Began as a Vine Stalker Brigand on Nov 13, 2022.
             Killed by divine providence
             ... invoked by an orc priest
              (10 damage)
             ... on level 3 of the Dungeon.
             The game lasted 00:03:16 (1496 turns).

night the Sneak (Vine Stalker Brigand)              Turns: 1496, Time: 00:03:17

Health: -2/23      AC:  3    Str: 15    XL:     4   Next: 67%
Magic:  0/5        EV:  9    Int: 11    God:
Gold:   66         SH:  0    Dex: 16    Spells: 3/3 levels left

rFire   . . .      SeeInvis .    t - +1 war axe (flame)
rCold   . . .      Faith    .    (no shield)
rNeg    . . .      Spirit   +    b - +0 robe
rPois   .          Reflect  .    (no helmet)
rElec   .          Harm     .    c - +0 cloak
rCorr   .          Rampage  .    (no gloves)
Will    .....                    (no boots)
Stlth   +++.......               (no amulet)
HPRegen 1.03/turn                (no ring)
MPRegen 0.09/turn                (no ring)

@: constricted
A: fangs 2, regeneration 1, magic shield, antimagic bite, no potion heal 2
a: no special abilities


You were on level 3 of the Dungeon.
You visited 1 branch of the dungeon, and saw 3 of its levels.

You collected 66 gold pieces.

Inventory:

Hand Weapons
 a - a +2 dagger
 t - a +1 war axe of flaming (weapon)
Missiles
 d - 12 poisoned darts (quivered)
 e - 3 curare-tipped darts
 j - 13 stones
 v - 4 atropa-tipped darts
Armour
 b - a +0 robe (worn)
 c - a +0 cloak (worn)
Jewellery
 g - a ring of ice
 m - a ring of resist corrosion
 o - a +4 ring of protection
Scrolls
 i - 2 scrolls of identify
 p - a scroll of teleportation
 r - a scroll of blinking
 u - a scroll of immolation {unknown}
Potions
 f - a potion of curing {unknown}
 h - a potion of resistance
 k - a potion of might {unknown}
 l - 3 potions of heal wounds {unknown}
 n - 3 potions of degeneration {unknown}
 q - a potion of cancellation {unknown}
 s - a potion of magic {unknown}
 w - a potion of flight {unknown}


   Skills:
 + Level 2.7 Fighting
 + Level 2.7 Short Blades
 - Level 2.0 Throwing
 + Level 2.0 Dodging
 - Level 5.0 Stealth


You had 3 spell levels left.
You didn't know any spells.
Your spell library was empty.

Dungeon Overview and Level Annotations

Branches:
Dungeon (3/15)

Altars:


Innate Abilities, Weirdness & Mutations

You have extremely sharp teeth.
Your natural rate of healing is unusually fast.
When hurt, damage is shared between your health and your magic reserves.
Your bite disrupts and absorbs the magic of your enemies.
Potions cannot restore your health.


Message History

An orc comes into view. It is wielding a +0 whip.
You see here 4 stones.
j - 13 stones (gained 4)
The orc shouts!
You hear a shout!
You closely miss the orc. The orc hits you with a +0 whip.
A goblin comes into view. It is wielding a +0 dagger.
You barely miss the orc.
The goblin shouts!
The orc shouts! x2
Your bite misses the orc. The orc hits you with a +0 whip.
The orc drinks a potion.
The orc suddenly seems more resistant.
An orc priest comes into view. It is wielding a +0 vorpal hand axe.
The orc hits you with a +0 whip.
The orc priest shouts!
You slash the orc! You burn the orc.
You kill the orc!
The orc throws a stone.
The stone barely misses you.
A ball python comes into view.
Your Dodging skill increases to level 2!
You hit the orc but do no damage. The orc closely misses you.
A ball python comes into view.
The orc closely misses you.
You closely miss the orc. The orc hits you with a +0 flail!
You barely miss the orc. Your bite misses the orc.
The orc hits you with a +0 flail.
A worm comes into view.
The orc closely misses you. The orc barely misses you.
You closely miss the orc. You bite the orc, but do no damage.
You completely miss the orc. The orc misses you. x2
You slash the orc! You burn the orc.
You kill the orc!
You hit the orc. You burn the orc. The orc hits you with a +0 flail.
The goblin hits you with a +0 dagger. The orc hits you with a +0 flail.
You barely miss the orc.
The orc is heavily wounded.
You barely miss the goblin. You closely miss the ball python.
The ball python closely misses you. The ball python grabs you.
The ball python constricts you.
The orc priest calls down the wrath of Beogh upon you.
Beogh smites you!
You die...

....###.#####
....#....#
#.....# #<....#
#.....# #.##.##
###
#######.##...##
#.......SS.....
#.#####@#....##
#.....go#...##
######.o. ..#
..#....# ...
....# ...#
#w..# ..#. .#..
..... .....


You could see a worm, an orc priest, an orc, a goblin and 2 ball pythons.

Vanquished Creatures
  Jessica (D:2)
  2 adders (D:2)
  3 dart slugs
  2 orcs (D:3)
  2 ball pythons (D:1)
  6 endoplasms
  A giant cockroach (D:2)
  6 goblins
  2 hobgoblins
  4 jackals (D:1)
  4 kobolds
  4 bats
  2 frilled lizards (D:1)
  A rat (D:2)
40 creatures vanquished.

Notes
Turn   | Place    | Note
-------+----------+-------------------------------------------
     0 | D:1      | night the Vine Stalker Brigand began the quest for the Orb.
     0 | D:1      | Reached XP level 1. HP: 11/11 MP: 2/2
    46 | D:1      | HP: 1/11 [kobold/+0 short sword (1)]
    54 | D:1      | Reached skill level 1 in Dodging
    54 | D:1      | Reached XP level 2. HP: 2/15 MP: 3/3
    54 | D:1      | HP: 1/15 [ball python (1)]
   106 | D:1      | Reached skill level 2 in Throwing
   106 | D:1      | Reached skill level 5 in Stealth
   128 | D:1      | Reached skill level 2 in Fighting
   128 | D:1      | Reached skill level 2 in Short Blades
   563 | D:1      | Reached XP level 3. HP: 14/18 MP: 2/4
  1044 | D:2      | Gained mutation: Your natural rate of healing is unusually
                  | fast. [Vine Stalker growth]
  1044 | D:2      | Reached XP level 4. HP: 23/23 MP: 5/5
  1235 | D:2      | Noticed Jessica
  1241 | D:2      | Killed Jessica
  1491 | D:3      | Reached skill level 2 in Dodging
  1496 | D:3      | Killed from afar by an orc priest

Illustrated notes

Levels and vault maps discovered:
D:1:      mrwooster_arrival_statue, layout_basic
D:2:      layout_basic, chequers_serial_rivers_small_a, glass_columns_a,
          uniq_jessica
D:3:      layout_basic, lemuel_round_altar, serial_shops, shop, moated_statue,
          chequers_serial_rivers_micro_a, minmay_fractal_squares_5

Skill      XL: |  1  2  3  4 |
---------------+-------------+-----
Dodging        | 1 2 |  2.0
Throwing       | 2 |  2.0
Stealth        | 5 |  5.0
Fighting       | 2 |  2.7
Short Blades   | 2 |  2.7

Action                   |  1- 3 |  4- 6 || total
-------------------------+-------+-------++-------
Melee: Dagger            |    85 |    17 ||   102
       Bite              |    13 |     4 ||    17
       Punch             |     1 |       ||     1
       War axe           |       |    18 ||    18
  Use: Scroll            |       |     3 ||     3
 Stab: Sleeping          |     6 |       ||     6
Armor: Robe              |    13 |     6 ||    19
Dodge: Dodged            |    39 |    22 ||    61

Table legend: (Time is in decaauts)
 A = Elapsed time spent in this place.
 B = Non-inter-level travel time spent in this place.
 C = Inter-level travel time spent in this place.
 D = Time resting spent in this place.
 E = Time spent auto-exploring this place.
 F = Levels seen in this place.
 G = Mean time per level.
                   A        B        C        D        E       F      G
               +--------+--------+--------+--------+--------+-----+--------+
         Total |   1492 |   1448 |     44 |     52 |   1110 |   3 |  497.3 |
       Dungeon |   1492 |   1448 |     44 |     52 |   1110 |   3 |  497.3 |
               +--------+--------+--------+--------+--------+-----+--------+

Top non-repeatable levels by time:
     D:1: 780 daAuts
     D:2: 640 daAuts
     D:3: 71 daAuts
